Maple Leafs vs Rangers
Created - 21 janvier 2017 at 01:24
Goals
|
| Maple Leafs |
2 |
0 |
0 |
2 |
| Rangers |
2 |
0 |
3 |
5 |
|
Shots
|
| Maple Leafs |
9 |
9 |
17 |
35 |
| Rangers |
15 |
12 |
11 |
38 |
|
1st period
1. Maple Leafs , Michael Grabner 9 (Fabian Brunnstrom, Braydon Coburn) at 0:37
2. Rangers , Milan Lucic 19 (Mark Fistric) at 2:44
3. Rangers , Jakob Silfverberg 13 (Stephen Weiss) at 10:37 (PP)
4. Maple Leafs , Jordan Staal 11 (Claude Giroux) at 10:45
Penalties :
Zac Dalpe (Tor) for Hooking (Minor) at 6:10, Michael Grabner (Tor) for Tripping (Minor) at 9:53, Alexander Frolov (Tor) for Interference (Minor) at 14:30, Jordan Staal (Tor) for Hooking (Minor) at 18:45
2nd period
No Goal
Penalties :
Jakob Silfverberg (NYR) for Roughing (Minor) at 1:58, Matt Greene (NYR) for Holding Stick (Minor) at 18:20
3rd period
5. Rangers , Jakob Silfverberg 14 (Mike Cammalleri, Bryan Young) at 0:49
6. Rangers , Mark Fistric 2 (Jakob Silfverberg, Stephen Weiss) at 3:30
7. Rangers , Chris Bourque 2 (Artem Anisimov) at 12:28
Penalties :
Alexander Frolov (Tor) for Roughing (Minor) at 3:34, Chris Bourque (NYR) for Elbowing (Minor) at 10:12, Milan Lucic (NYR) for Holding (Minor) at 17:49
Goalie Stats
Marc-André Fleury (Tor), 33 saves from 38 shots - (0,868), L, 19-8-5, 60:00 minutes
Hannu Toivonen (NYR), 33 saves from 35 shots - (0,943), W, 4-5-1, 60:00 minutes
Players Stats for Maple Leafs
Player Name G A P +/- PIM S H SB GA TA FO MP PP MP PK MP
------------------------------------------------------------------------------------
Alexander Frolov 0 0 0 0 4 2 3 0 0 0 1/1 20:28 4:15 1:39
Blake Comeau 0 0 0 -1 0 0 3 0 0 0 0/5 9:49 0:00 2:52
Braydon Coburn 0 1 1 1 0 0 3 2 1 3 0/0 28:19 5:34 5:09
Claude Giroux 0 1 1 0 0 4 1 0 3 0 4/5 23:44 4:15 5:08
Colby Armstrong 0 0 0 -1 0 1 4 0 0 1 0/2 12:50 3:41 0:00
Eric Nystrom 0 0 0 -1 0 2 1 1 1 0 0/0 9:38 0:00 0:32
Fabian Brunnstrom 0 1 1 0 0 4 1 0 0 1 0/1 16:27 3:41 0:00
Jamie McBain 0 0 0 -1 0 1 0 0 0 1 0/0 10:56 0:00 0:00
Jordan Staal 1 0 1 0 2 5 1 0 0 2 13/28 22:16 4:15 3:36
Justin Abdelkader 0 0 0 -1 0 1 0 0 0 0 0/0 6:56 0:00 0:00
Justin Schultz 0 0 0 -1 0 1 1 1 0 0 0/0 10:56 0:00 0:00
Marc-Édouard Vlasic 0 0 0 -2 0 0 1 1 0 0 0/0 20:45 2:22 3:31
Michael Grabner 1 0 1 0 2 2 0 2 0 1 1/1 12:42 0:00 0:00
Rob Schremp 0 0 0 0 0 5 2 0 0 0 6/15 20:15 3:41 3:33
Ryan Carter 0 0 0 -1 0 1 0 0 0 0 0/2 6:56 0:00 0:00
Taylor Chorney 0 0 0 -2 0 1 2 2 0 2 0/0 20:45 2:22 3:31
Tobias Enstrom 0 0 0 1 0 3 3 3 0 0 0/0 28:19 5:34 5:09
Zac Dalpe 0 0 0 -1 2 2 2 0 0 0 0/0 9:14 0:00 0:00
Players Stats for Rangers
Player Name G A P +/- PIM S H SB GA TA FO MP PP MP PK MP
------------------------------------------------------------------------------------
Artem Anisimov 0 1 1 1 0 2 1 0 1 0 1/2 11:48 0:00 1:48
Bryan Young 0 1 1 1 0 0 0 0 0 0 0/0 5:18 0:00 1:59
Cam Barker 0 0 0 2 0 2 2 3 1 2 0/0 28:32 5:17 5:11
Chris Bourque 1 0 1 1 2 3 0 0 0 0 0/0 7:27 0:00 0:43
Drew Stafford 0 0 0 0 0 2 4 0 1 0 1/3 19:12 4:31 0:00
Gustav Nyquist 0 0 0 0 0 0 1 0 0 0 0/0 6:31 0:03 0:00
Jakob Silfverberg 2 1 3 1 2 4 1 0 1 0 1/1 16:17 4:06 0:00
Mark Fistric 1 1 2 0 0 3 0 0 0 0 0/0 25:02 5:44 2:45
Matt Greene 0 0 0 1 2 3 2 0 0 0 0/0 17:06 2:56 3:12
Matt Read 0 0 0 1 0 0 0 0 0 0 0/0 11:48 0:00 1:48
Mike Cammalleri 0 1 1 1 0 1 1 2 1 1 0/0 16:08 4:06 0:16
Milan Lucic 1 0 1 0 2 7 3 1 2 0 0/1 19:25 4:34 0:00
Nick Foligno 0 0 0 0 0 0 4 1 0 0 0/0 15:07 0:00 5:06
Patrice Bergeron 0 0 0 0 0 7 1 0 2 0 23/37 20:18 4:34 1:03
Ryan Suter 0 0 0 0 0 1 0 0 1 1 0/0 22:39 3:23 2:45
Staffan Kronwall 0 0 0 0 0 1 0 2 0 0 0/0 21:25 0:00 0:00
Stephen Weiss 0 2 2 1 0 2 3 1 1 1 6/9 15:52 4:06 0:00
Valtteri Filppula 0 0 0 0 0 0 2 0 0 0 3/7 12:05 0:00 5:08
3 Stars
1 - Jakob Silfverberg (NYR)
2 - Stephen Weiss (NYR)
3 - Mark Fistric (NYR)
Power Play
Maple Leafs - 0 on 4 Attempt(s) - 0,00%
Rangers - 1 on 5 Attempt(s) - 20,00%
Penalty Kill
Maple Leafs - 4 on 5 Attempt(s) - 80,00%
- Score 0 goal in Penalty Kill
Rangers - 4 on 4 Attempt(s) - 100,00%
- Score 0 goal in Penalty Kill
Team Stat
Maple Leafs - Hits : 28 - Faceoff Wins : 25 - Blocked Shots : 12 - Penalty Minutes : 10
Rangers - Hits : 25 - Faceoff Wins : 35 - Blocked Shots : 10 - Penalty Minutes : 8
Official
Referees : McCauley Wes and Fraser Kerry
Linesman : Shane Heyer and Jay Sharrers
Game Notes
No Game Note
Finance
Level 1 -- Attendance: 4408 (73,47%) -- Ticket Income 396 720 $
Level 2 -- Attendance: 3960 (79,20%) -- Ticket Income 217 800 $
Level 3 -- Attendance: 1816 (90,80%) -- Ticket Income 54 480 $
Level 4 -- Attendance: 4000 (100,00%) -- Ticket Income 80 000 $
Luxury Box -- Attendance: 779 (77,90%) -- Ticket Income 136 325 $
Game was played at the Madison Square Garden.
Total Attendance: 14963 (83,13%)
Total Ticket Income: 885 325 $
Other Income: 132 799 $
Total Income: 1 018 124 $
Maple Leafs
5 vs 5 Forward
Center Left Wing Right Wing Time % Phy DF OF
1 Jordan Staal Alexander Frolov Claude Giroux 40 1 2 2
2 Rob Schremp Fabian Brunnstrom Michael Grabner 30 1 2 2
3 Zac Dalpe Eric Nystrom Colby Armstrong 20 1 2 2
4 Ryan Carter Justin Abdelkader Blake Comeau 10 1 2 2
5 vs 5 Defense
Defense Defense Time % Phy DF OF
1 Tobias Enstrom Braydon Coburn 40 1 2 2
2 Taylor Chorney Marc-Édouard Vlasic 30 1 2 2
3 Jamie McBain Justin Schultz 20 1 2 2
4 Tobias Enstrom Braydon Coburn 10 1 2 2
PowerPlay Forward
Center Left Wing Right Wing Time % Phy DF OF
1 Jordan Staal Alexander Frolov Claude Giroux 60 1 2 2
2 Rob Schremp Fabian Brunnstrom Colby Armstrong 40 1 2 2
PowerPlay Defense
Defense Defense Time % Phy DF OF
1 Tobias Enstrom Braydon Coburn 60 1 2 2
2 Taylor Chorney Marc-Édouard Vlasic 40 1 2 2
Penalty Kill 4 Players Forward
Center Wing Time % Phy DF OF
1 Jordan Staal Claude Giroux 60 1 2 2
2 Rob Schremp Alexander Frolov 40 1 2 2
Penalty Kill 4 Players Defense
Defense Defense Time % Phy DF OF
1 Tobias Enstrom Braydon Coburn 60 1 2 2
2 Taylor Chorney Marc-Édouard Vlasic 40 1 2 2
Penalty Kill - 3 Players Forward
Forward Time % Phy DF OF
1 Jordan Staal 60 1 2 2
2 Claude Giroux 40 1 2 2
Penalty Kill - 3 Players Defense
Defense Defense Time % Phy DF OF
1 Tobias Enstrom Braydon Coburn 60 1 2 2
2 Taylor Chorney Marc-Édouard Vlasic 40 1 2 2
4 vs 4 Forward
Center Wing Time % Phy DF OF
1 Jordan Staal Claude Giroux 60 1 2 2
2 Rob Schremp Alexander Frolov 40 1 2 2
4 vs 4 Defense
Defense Defense Time % Phy DF OF
1 Tobias Enstrom Braydon Coburn 60 1 2 2
2 Taylor Chorney Marc-Édouard Vlasic 40 1 2 2
Last Minutes Offensive
Center Left Wing Right Wing Defense Defense
Jordan Staal Alexander Frolov Claude Giroux Tobias Enstrom Braydon Coburn
Last Minutes Defensive
Center Left Wing Right Wing Defense Defense
Jordan Staal Alexander Frolov Claude Giroux Tobias Enstrom Braydon Coburn
Goaltenders
Starting : Marc-André Fleury
Backup : Alex Stalock
Extra Forwards
Normal : Michael Grabner, Eric Nystrom, Blake Comeau - PP : Michael Grabner, Eric Nystrom - PK : Blake Comeau
Extra Defensemen
Normal : Jamie McBain, Justin Schultz, Taylor Chorney - PP : Jamie McBain - PK : Justin Schultz, Taylor Chorney
Penalty Shots
Claude Giroux, Michael Grabner, Alexander Frolov, Jordan Staal, Fabian Brunnstrom
Rangers
5 vs 5 Forward
Center Left Wing Right Wing Time % Phy DF OF
1 Patrice Bergeron Milan Lucic Drew Stafford 40 1 2 2
2 Stephen Weiss Mike Cammalleri Jakob Silfverberg 30 1 2 2
3 Artem Anisimov Nick Foligno Matt Read 20 1 2 2
4 Valtteri Filppula Chris Bourque Gustav Nyquist 10 1 2 2
5 vs 5 Defense
Defense Defense Time % Phy DF OF
1 Cam Barker Ryan Suter 40 1 2 2
2 Mark Fistric Staffan Kronwall 30 1 2 2
3 Matt Greene Staffan Kronwall 20 1 2 2
4 Cam Barker Mark Fistric 10 1 2 2
PowerPlay Forward
Center Left Wing Right Wing Time % Phy DF OF
1 Patrice Bergeron Milan Lucic Drew Stafford 60 1 2 2
2 Stephen Weiss Mike Cammalleri Jakob Silfverberg 40 1 2 2
PowerPlay Defense
Defense Defense Time % Phy DF OF
1 Cam Barker Mark Fistric 60 1 2 2
2 Matt Greene Ryan Suter 40 1 2 2
Penalty Kill 4 Players Forward
Center Wing Time % Phy DF OF
1 Valtteri Filppula Nick Foligno 60 1 2 2
2 Artem Anisimov Matt Read 40 1 2 2
Penalty Kill 4 Players Defense
Defense Defense Time % Phy DF OF
1 Cam Barker Matt Greene 60 1 2 2
2 Mark Fistric Ryan Suter 40 1 2 2
Penalty Kill - 3 Players Forward
Forward Time % Phy DF OF
1 Matt Read 60 1 2 2
2 Nick Foligno 40 1 2 2
Penalty Kill - 3 Players Defense
Defense Defense Time % Phy DF OF
1 Cam Barker Matt Greene 60 1 2 2
2 Mark Fistric Ryan Suter 40 1 2 2
4 vs 4 Forward
Center Wing Time % Phy DF OF
1 Patrice Bergeron Milan Lucic 60 1 2 2
2 Stephen Weiss Jakob Silfverberg 40 1 2 2
4 vs 4 Defense
Defense Defense Time % Phy DF OF
1 Cam Barker Ryan Suter 60 1 2 2
2 Mark Fistric Matt Greene 40 1 2 2
Last Minutes Offensive
Center Left Wing Right Wing Defense Defense
Patrice Bergeron Milan Lucic Jakob Silfverberg Cam Barker Drew Stafford
Last Minutes Defensive
Center Left Wing Right Wing Defense Defense
Patrice Bergeron Nick Foligno Matt Read Cam Barker Mark Fistric
Goaltenders
Starting : Hannu Toivonen
Backup : Henrik Lundqvist
Extra Forwards
Normal : Artem Anisimov, Valtteri Filppula, Milan Lucic - PP : Jakob Silfverberg, Patrice Bergeron - PK : Patrice Bergeron
Extra Defensemen
Normal : Matt Greene, Ryan Suter, Cam Barker - PP : Ryan Suter - PK : Cam Barker, Matt Greene
Penalty Shots
Patrice Bergeron, Jakob Silfverberg, Milan Lucic, Stephen Weiss, Valtteri Filppula
% Time on Ice - Maple Leafs
Lines # - Real PCT - Wanted PCT - Time Play
Normal Forward
1 - 33% - 40% - 14:21
2 - 30% - 30% - 13:01
3 - 21% - 20% - 9:06
4 - 16% - 10% - 6:56
Normal Defense
1 - 39% - 40% - 17:03
2 - 34% - 30% - 14:52
3 - 25% - 20% - 10:56
4 - 1% - 10% - 0:33
PP Forward
1 - 54% - 60% - 4:15
2 - 46% - 40% - 3:41
PP Defense
1 - 70% - 60% - 5:34
2 - 30% - 40% - 2:22
PK Forward
1 - 69% - 60% - 5:58
2 - 31% - 40% - 2:42
PK Defense
1 - 59% - 60% - 5:09
2 - 41% - 40% - 3:31
PK3 Forward
1 - 0% - 60%
2 - 0% - 40%
PK3 Defense
1 - 0% - 60%
2 - 0% - 40%
44 Forward
1 - 0% - 60%
2 - 0% - 40%
44 Defense
1 - 0% - 60%
2 - 0% - 40%
Last Minute Offensive - 0:00
Last Minute Defensive - 0:00
Total
Forward - 60:00
Defense - 60:00
|
% Time on Ice - Rangers
Lines # - Real PCT - Wanted PCT - Time Play
Normal Forward
1 - 35% - 40% - 15:10
2 - 28% - 30% - 12:14
3 - 22% - 20% - 9:32
4 - 15% - 10% - 6:28
Normal Defense
1 - 41% - 40% - 17:43
2 - 30% - 30% - 13:05
3 - 23% - 20% - 10:09
4 - 6% - 10% - 2:27
PP Forward
1 - 53% - 60% - 4:34
2 - 47% - 40% - 4:06
PP Defense
1 - 66% - 60% - 5:44
2 - 34% - 40% - 2:56
PK Forward
1 - 77% - 60% - 6:08
2 - 23% - 40% - 1:48
PK Defense
1 - 65% - 60% - 5:11
2 - 35% - 40% - 2:45
PK3 Forward
1 - 0% - 60%
2 - 0% - 40%
PK3 Defense
1 - 0% - 60%
2 - 0% - 40%
44 Forward
1 - 0% - 60%
2 - 0% - 40%
44 Defense
1 - 0% - 60%
2 - 0% - 40%
Last Minute Offensive - 0:00
Last Minute Defensive - 0:00
Total
Forward - 60:00
Defense - 60:00
|
Play by Play
1st period
0:01 of 1st period - Patrice Bergeron wins face-off versus Jordan Staal in neutral zone.
0:06 of 1st period - Braydon Coburn is hit by Patrice Bergeron and loses puck.
0:13 of 1st period - Slapshot by Patrice Bergeron.
0:13 of 1st period - Stopped by Marc-André Fleury with a rebound.
0:15 of 1st period - Snap shot by Patrice Bergeron.
0:15 of 1st period - Deflect By Milan Lucic.
0:15 of 1st period - Stopped by Marc-André Fleury with a rebound.
0:17 of 1st period - Slapshot by Cam Barker.
0:17 of 1st period - Shot Misses the Net.
0:37 of 1st period - Wrist shot by Michael Grabner.
0:37 of 1st period - Goal by Michael Grabner - Maple Leafs : 1 - Rangers : 0.
0:38 of 1st period - Artem Anisimov wins face-off versus Colby Armstrong in neutral zone.
0:43 of 1st period - Snap shot by Artem Anisimov.
0:43 of 1st period - Shot Misses the Net.
1:05 of 1st period - Marc-Édouard Vlasic is hit by Valtteri Filppula and loses puck.
1:26 of 1st period - Wrist shot by Fabian Brunnstrom.
1:26 of 1st period - Shot Hit the Post.
2:28 of 1st period - Tobias Enstrom is hit by Gustav Nyquist.
2:34 of 1st period - Slapshot by Cam Barker.
2:34 of 1st period - Stopped by Marc-André Fleury without a rebound.
2:35 of 1st period - Patrice Bergeron wins face-off versus Jordan Staal in Maple Leafs zone.
2:36 of 1st period - Wrist shot by Milan Lucic.
2:36 of 1st period - Shot Blocked by Marc-Édouard Vlasic.
2:44 of 1st period - Snap shot by Milan Lucic.
2:44 of 1st period - Goal by Milan Lucic - Maple Leafs : 1 - Rangers : 1.
2:45 of 1st period - Patrice Bergeron wins face-off versus Fabian Brunnstrom in neutral zone.
2:52 of 1st period - Snap shot by Milan Lucic.
2:52 of 1st period - Shot Blocked by Tobias Enstrom.
3:20 of 1st period - Wrist shot by Stephen Weiss.
3:20 of 1st period - Stopped by Marc-André Fleury with a rebound.
3:32 of 1st period - Wrist shot by Blake Comeau.
3:32 of 1st period - Shot Misses the Net.
3:34 of 1st period - Snap shot by Ryan Carter.
3:34 of 1st period - Stopped by Hannu Toivonen with a rebound.
3:36 of 1st period - Slapshot by Jamie McBain.
3:36 of 1st period - Shot Misses the Net.
3:38 of 1st period - Snap shot by Justin Abdelkader.
3:38 of 1st period - Shot Blocked by Cam Barker.
3:40 of 1st period - Slapshot by Justin Schultz.
3:40 of 1st period - Deflect By Justin Abdelkader.
3:40 of 1st period - Shot Misses the Net.
3:40 of 1st period - Puck is out of play.
3:41 of 1st period - Rob Schremp wins face-off versus Patrice Bergeron in Rangers zone.
4:00 of 1st period - Braydon Coburn is hit by Drew Stafford and loses puck.
4:35 of 1st period - Wrist shot by Artem Anisimov.
4:35 of 1st period - Shot Misses the Net.
4:37 of 1st period - Slapshot by Matt Greene.
4:37 of 1st period - Shot Blocked by Eric Nystrom.
4:39 of 1st period - Snap shot by Staffan Kronwall.
4:39 of 1st period - Shot Misses the Net.
4:41 of 1st period - Wrist shot by Artem Anisimov.
4:41 of 1st period - Stopped by Marc-André Fleury with a rebound.
6:10 of 1st period - Minor Penalty to Zac Dalpe for Hooking.
6:11 of 1st period - Jordan Staal wins face-off versus Drew Stafford in Maple Leafs zone.
6:11 of 1st period - Jordan Staal is hit by Milan Lucic.
6:41 of 1st period - Slapshot by Jakob Silfverberg.
6:41 of 1st period - Stopped by Marc-André Fleury with a rebound.
6:43 of 1st period - Slapshot by Mark Fistric.
6:43 of 1st period - Shot Misses the Net.
6:45 of 1st period - Slapshot by Mark Fistric.
6:45 of 1st period - Shot Misses the Net.
8:10 of 1st period - Penalty to Zac Dalpe is over, Zac Dalpe is back on ice.
8:46 of 1st period - Chris Bourque is hit by Blake Comeau and loses puck.
9:11 of 1st period - Snap shot by Eric Nystrom.
9:11 of 1st period - Stopped by Hannu Toivonen with a rebound.
9:25 of 1st period - Snap shot by Claude Giroux.
9:25 of 1st period - Stopped by Hannu Toivonen with a rebound.
9:53 of 1st period - Minor Penalty to Michael Grabner for Tripping.
9:54 of 1st period - Jordan Staal wins face-off versus Patrice Bergeron in Maple Leafs zone.
10:22 of 1st period - Icing by Mike Cammalleri.
10:23 of 1st period - Stephen Weiss wins face-off versus Rob Schremp in Rangers zone.
10:23 of 1st period - Stephen Weiss is hit by Alexander Frolov.
10:37 of 1st period - Wrist shot by Jakob Silfverberg.
10:37 of 1st period - Goal by Jakob Silfverberg - Maple Leafs : 1 - Rangers : 2.
10:38 of 1st period - Jordan Staal wins face-off versus Patrice Bergeron in neutral zone.
10:43 of 1st period - Snap shot by Jordan Staal.
10:43 of 1st period - Stopped by Hannu Toivonen with a rebound.
10:45 of 1st period - Wrist shot by Jordan Staal.
10:45 of 1st period - Goal by Jordan Staal - Maple Leafs : 2 - Rangers : 2.
10:46 of 1st period - Alexander Frolov wins face-off versus Patrice Bergeron in neutral zone.
11:24 of 1st period - Slapshot by Marc-Édouard Vlasic.
11:24 of 1st period - Deflect By Zac Dalpe.
11:24 of 1st period - Stopped by Hannu Toivonen with a rebound.
12:20 of 1st period - Slapshot by Mark Fistric.
12:20 of 1st period - Shot Misses the Net.
12:22 of 1st period - Slapshot by Staffan Kronwall.
12:22 of 1st period - Deflect By Chris Bourque.
12:22 of 1st period - Stopped by Marc-André Fleury with a rebound.
12:24 of 1st period - Slapshot by Mark Fistric.
12:24 of 1st period - Stopped by Marc-André Fleury with a rebound.
12:39 of 1st period - Mark Fistric is hit by Marc-Édouard Vlasic and loses puck.
13:00 of 1st period - Snap shot by Rob Schremp.
13:00 of 1st period - Shot Misses the Net.
13:02 of 1st period - Snap shot by Michael Grabner.
13:02 of 1st period - Shot Misses the Net.
13:20 of 1st period - Blake Comeau is hit by Drew Stafford and loses puck.
14:15 of 1st period - Snap shot by Patrice Bergeron.
14:15 of 1st period - Deflect By Fabian Brunnstrom.
14:15 of 1st period - Stopped by Marc-André Fleury without a rebound.
14:16 of 1st period - Patrice Bergeron wins face-off versus Rob Schremp in Maple Leafs zone.
14:17 of 1st period - Slapshot by Milan Lucic.
14:17 of 1st period - Stopped by Marc-André Fleury with a rebound.
14:19 of 1st period - Snap shot by Matt Greene.
14:19 of 1st period - Shot Hit the Post.
14:21 of 1st period - Wrist shot by Bryan Young.
14:21 of 1st period - Shot Misses the Net.
14:23 of 1st period - Snap shot by Drew Stafford.
14:23 of 1st period - Stopped by Marc-André Fleury without a rebound.
14:24 of 1st period - Drew Stafford wins face-off versus Jordan Staal in Maple Leafs zone.
14:25 of 1st period - Slapshot by Milan Lucic.
14:25 of 1st period - Shot Blocked by Tobias Enstrom.
14:27 of 1st period - Snap shot by Patrice Bergeron.
14:27 of 1st period - Deflect By Milan Lucic.
14:27 of 1st period - Shot Blocked by Braydon Coburn.
14:27 of 1st period - Puck is out of play.
14:28 of 1st period - Jordan Staal wins face-off versus Patrice Bergeron in Maple Leafs zone.
14:30 of 1st period - Minor Penalty to Alexander Frolov for Interference.
14:31 of 1st period - Claude Giroux wins face-off versus Patrice Bergeron in Maple Leafs zone.
14:43 of 1st period - Snap shot by Milan Lucic.
14:43 of 1st period - Stopped by Marc-André Fleury with a rebound.
15:57 of 1st period - Milan Lucic is hit by Braydon Coburn and loses puck.
16:30 of 1st period - Penalty to Alexander Frolov is over, Alexander Frolov is back on ice.
17:01 of 1st period - Snap shot by Justin Abdelkader.
17:01 of 1st period - Shot Misses the Net.
17:11 of 1st period - Taylor Chorney is hit by Nick Foligno.
17:12 of 1st period - Icing by Taylor Chorney.
17:13 of 1st period - Michael Grabner wins face-off versus Artem Anisimov in Maple Leafs zone.
17:22 of 1st period - Snap shot by Rob Schremp.
17:22 of 1st period - Stopped by Hannu Toivonen without a rebound.
17:23 of 1st period - Claude Giroux wins face-off versus Milan Lucic in Rangers zone.
17:24 of 1st period - Snap shot by Jordan Staal.
17:24 of 1st period - Shot Blocked by Staffan Kronwall.
17:26 of 1st period - Backhand shot by Taylor Chorney.
17:26 of 1st period - Shot Misses the Net.
17:28 of 1st period - Slapshot by Claude Giroux.
17:28 of 1st period - Shot Blocked by Staffan Kronwall.
17:30 of 1st period - Slapshot by Jordan Staal.
17:30 of 1st period - Shot Misses the Net.
17:38 of 1st period - Wrist shot by Claude Giroux.
17:38 of 1st period - Shot Misses the Net.
18:06 of 1st period - Matt Greene is hit by Zac Dalpe and loses puck.
18:27 of 1st period - Snap shot by Fabian Brunnstrom.
18:27 of 1st period - Stopped by Hannu Toivonen without a rebound.
18:28 of 1st period - Patrice Bergeron wins face-off versus Jordan Staal in Rangers zone.
18:28 of 1st period - Patrice Bergeron is hit by Alexander Frolov.
18:34 of 1st period - Slapshot by Cam Barker.
18:34 of 1st period - Shot Misses the Net.
18:45 of 1st period - Minor Penalty to Jordan Staal for Hooking.
18:46 of 1st period - Patrice Bergeron wins face-off versus Blake Comeau in Maple Leafs zone.
18:52 of 1st period - Slapshot by Patrice Bergeron.
18:52 of 1st period - Stopped by Marc-André Fleury without a rebound.
18:53 of 1st period - Patrice Bergeron wins face-off versus Blake Comeau in Maple Leafs zone.
Goals for this period are 2 for Maple Leafs vs 2 for Rangers.
Shots for this period are 9 for Maple Leafs vs 15 for Rangers.
2nd period
0:01 of 2nd period - Patrice Bergeron wins face-off versus Blake Comeau in neutral zone.
0:03 of 2nd period - Off-side.
0:04 of 2nd period - Patrice Bergeron wins face-off versus Blake Comeau in neutral zone.
0:45 of 2nd period - Penalty to Jordan Staal is over, Jordan Staal is back on ice.
1:04 of 2nd period - Off-side.
1:05 of 2nd period - Stephen Weiss wins face-off versus Rob Schremp in neutral zone.
1:30 of 2nd period - Jakob Silfverberg is hit by Tobias Enstrom and loses puck.
1:37 of 2nd period - Wrist shot by Fabian Brunnstrom.
1:37 of 2nd period - Shot Misses the Net.
1:43 of 2nd period - Wrist shot by Fabian Brunnstrom.
1:43 of 2nd period - Stopped by Hannu Toivonen with a rebound.
1:49 of 2nd period - Wrist shot by Michael Grabner.
1:49 of 2nd period - Shot Blocked by Stephen Weiss.
1:51 of 2nd period - Snap shot by Michael Grabner.
1:51 of 2nd period - Shot Blocked by Mike Cammalleri.
1:58 of 2nd period - Minor Penalty to Jakob Silfverberg for Roughing.
1:59 of 2nd period - Valtteri Filppula wins face-off versus Claude Giroux in Rangers zone.
3:07 of 2nd period - Slapshot by Cam Barker.
3:07 of 2nd period - Stopped by Marc-André Fleury with a rebound.
3:09 of 2nd period - Slapshot by Matt Greene.
3:09 of 2nd period - Stopped by Marc-André Fleury without a rebound.
3:10 of 2nd period - Patrice Bergeron wins face-off versus Rob Schremp in Maple Leafs zone.
3:29 of 2nd period - Nick Foligno is hit by Rob Schremp.
3:58 of 2nd period - Penalty to Jakob Silfverberg is over, Jakob Silfverberg is back on ice.
4:05 of 2nd period - Blake Comeau is hit by Jakob Silfverberg and loses puck.
4:12 of 2nd period - Ryan Suter is hit by Blake Comeau and loses puck.
4:17 of 2nd period - Slapshot by Braydon Coburn.
4:17 of 2nd period - Shot Blocked by Nick Foligno.
4:29 of 2nd period - Slapshot by Ryan Suter.
4:29 of 2nd period - Shot Misses the Net.
4:31 of 2nd period - Snap shot by Ryan Suter.
4:31 of 2nd period - Deflect By Drew Stafford.
4:31 of 2nd period - Stopped by Marc-André Fleury with a rebound.
4:39 of 2nd period - Wrist shot by Milan Lucic.
4:39 of 2nd period - Stopped by Marc-André Fleury without a rebound.
4:40 of 2nd period - Patrice Bergeron wins face-off versus Ryan Carter in Maple Leafs zone.
4:41 of 2nd period - Slapshot by Milan Lucic.
4:41 of 2nd period - Deflect By Taylor Chorney.
4:41 of 2nd period - Shot Misses the Net.
4:41 of 2nd period - Puck is out of play.
4:42 of 2nd period - Patrice Bergeron wins face-off versus Blake Comeau in Maple Leafs zone.
4:45 of 2nd period - Backhand shot by Patrice Bergeron.
4:45 of 2nd period - Shot Blocked by Taylor Chorney.
5:37 of 2nd period - Snap shot by Rob Schremp.
5:37 of 2nd period - Shot Misses the Net.
6:13 of 2nd period - Snap shot by Mike Cammalleri.
6:13 of 2nd period - Stopped by Marc-André Fleury without a rebound.
6:14 of 2nd period - Stephen Weiss wins face-off versus Jordan Staal in Maple Leafs zone.
6:41 of 2nd period - Stephen Weiss is hit by Zac Dalpe and loses puck.
6:48 of 2nd period - Slapshot by Tobias Enstrom.
6:48 of 2nd period - Deflect By Stephen Weiss.
6:48 of 2nd period - Stopped by Hannu Toivonen without a rebound.
6:49 of 2nd period - Patrice Bergeron wins face-off versus Jordan Staal in Rangers zone.
6:49 of 2nd period - Patrice Bergeron is hit by Braydon Coburn.
6:55 of 2nd period - Wrist shot by Milan Lucic.
6:55 of 2nd period - Stopped by Marc-André Fleury with a rebound.
6:57 of 2nd period - Slapshot by Drew Stafford.
6:57 of 2nd period - Shot Misses the Net.
6:59 of 2nd period - Slapshot by Patrice Bergeron.
6:59 of 2nd period - Stopped by Marc-André Fleury without a rebound.
7:00 of 2nd period - Jordan Staal wins face-off versus Patrice Bergeron in Maple Leafs zone.
7:05 of 2nd period - Cam Barker is hit by Tobias Enstrom and loses puck.
7:33 of 2nd period - Snap shot by Rob Schremp.
7:33 of 2nd period - Shot Blocked by Mike Cammalleri.
7:35 of 2nd period - Slapshot by Fabian Brunnstrom.
7:35 of 2nd period - Shot Misses the Net.
7:51 of 2nd period - Marc-Édouard Vlasic is hit by Nick Foligno and loses puck.
7:58 of 2nd period - Wrist shot by Artem Anisimov.
7:58 of 2nd period - Stopped by Marc-André Fleury with a rebound.
9:15 of 2nd period - Milan Lucic is hit by Colby Armstrong and loses puck.
9:26 of 2nd period - Wrist shot by Zac Dalpe.
9:26 of 2nd period - Stopped by Hannu Toivonen without a rebound.
9:27 of 2nd period - Jordan Staal wins face-off versus Stephen Weiss in Rangers zone.
9:40 of 2nd period - Snap shot by Jakob Silfverberg.
9:40 of 2nd period - Stopped by Marc-André Fleury without a rebound.
9:41 of 2nd period - Jordan Staal wins face-off versus Patrice Bergeron in Maple Leafs zone.
10:16 of 2nd period - Snap shot by Matt Read.
10:16 of 2nd period - Shot Misses the Net.
10:18 of 2nd period - Wrist shot by Nick Foligno.
10:18 of 2nd period - Shot Misses the Net.
10:20 of 2nd period - Snap shot by Nick Foligno.
10:20 of 2nd period - Shot Blocked by Braydon Coburn.
11:35 of 2nd period - Matt Read is hit by Rob Schremp.
11:53 of 2nd period - Eric Nystrom is hit by Stephen Weiss and loses puck.
12:50 of 2nd period - Wrist shot by Justin Abdelkader.
12:50 of 2nd period - Stopped by Hannu Toivonen with a rebound.
13:09 of 2nd period - Mark Fistric is hit by Colby Armstrong and loses puck.
13:23 of 2nd period - Matt Read is hit by Eric Nystrom and loses puck.
14:02 of 2nd period - Slapshot by Matt Greene.
14:02 of 2nd period - Stopped by Marc-André Fleury without a rebound.
14:03 of 2nd period - Stephen Weiss wins face-off versus Rob Schremp in Maple Leafs zone.
15:17 of 2nd period - Wrist shot by Jakob Silfverberg.
15:17 of 2nd period - Shot Blocked by Tobias Enstrom.
15:46 of 2nd period - Alexander Frolov is hit by Stephen Weiss.
16:04 of 2nd period - Wrist shot by Jordan Staal.
16:04 of 2nd period - Shot Misses the Net.
16:15 of 2nd period - Jordan Staal is hit by Mike Cammalleri and loses puck.
16:28 of 2nd period - Backhand shot by Jakob Silfverberg.
16:28 of 2nd period - Deflect By Stephen Weiss.
16:28 of 2nd period - Stopped by Marc-André Fleury with a rebound.
16:30 of 2nd period - Slapshot by Ryan Suter.
16:30 of 2nd period - Stopped by Marc-André Fleury without a rebound.
16:31 of 2nd period - Rob Schremp wins face-off versus Patrice Bergeron in Maple Leafs zone.
16:40 of 2nd period - Mark Fistric is hit by Fabian Brunnstrom and loses puck.
16:57 of 2nd period - Colby Armstrong is hit by Nick Foligno and loses puck.
17:18 of 2nd period - Slapshot by Mark Fistric.
17:18 of 2nd period - Shot Misses the Net.
17:24 of 2nd period - Valtteri Filppula is hit by Taylor Chorney and loses puck.
18:10 of 2nd period - Cam Barker is hit by Justin Schultz and loses puck.
18:20 of 2nd period - Minor Penalty to Matt Greene for Holding Stick.
18:21 of 2nd period - Rob Schremp wins face-off versus Valtteri Filppula in Rangers zone.
18:29 of 2nd period - Wrist shot by Rob Schremp.
18:29 of 2nd period - Stopped by Hannu Toivonen with a rebound.
18:31 of 2nd period - Snap shot by Colby Armstrong.
18:31 of 2nd period - Deflect By Rob Schremp.
18:31 of 2nd period - Stopped by Hannu Toivonen without a rebound.
18:32 of 2nd period - Jordan Staal wins face-off versus Valtteri Filppula in Rangers zone.
18:35 of 2nd period - Wrist shot by Claude Giroux.
18:35 of 2nd period - Shot Misses the Net.
18:37 of 2nd period - Slapshot by Claude Giroux.
18:37 of 2nd period - Stopped by Hannu Toivonen with a rebound.
18:39 of 2nd period - Slapshot by Alexander Frolov.
18:39 of 2nd period - Stopped by Hannu Toivonen with a rebound.
18:41 of 2nd period - Slapshot by Tobias Enstrom.
18:41 of 2nd period - Stopped by Hannu Toivonen with a rebound.
18:43 of 2nd period - Snap shot by Jordan Staal.
18:43 of 2nd period - Shot Misses the Net.
18:45 of 2nd period - Slapshot by Braydon Coburn.
18:45 of 2nd period - Deflect By Alexander Frolov.
18:45 of 2nd period - Shot Misses the Net.
18:45 of 2nd period - Puck is out of play.
18:46 of 2nd period - Valtteri Filppula wins face-off versus Jordan Staal in Rangers zone.
19:03 of 2nd period - Nick Foligno is hit by Braydon Coburn and loses puck.
Goals for this period are 0 for Maple Leafs vs 0 for Rangers.
Shots for this period are 9 for Maple Leafs vs 12 for Rangers.
3rd period
0:01 of 3rd period - Jordan Staal wins face-off versus Valtteri Filppula in neutral zone.
0:20 of 3rd period - Penalty to Matt Greene is over, Matt Greene is back on ice.
0:26 of 3rd period - Fabian Brunnstrom is hit by Milan Lucic and loses puck.
0:35 of 3rd period - Slapshot by Marc-Édouard Vlasic.
0:35 of 3rd period - Deflect By Fabian Brunnstrom.
0:35 of 3rd period - Stopped by Hannu Toivonen with a rebound.
0:47 of 3rd period - Snap shot by Mike Cammalleri.
0:47 of 3rd period - Shot Misses the Net.
0:49 of 3rd period - Slapshot by Jakob Silfverberg.
0:49 of 3rd period - Goal by Jakob Silfverberg - Maple Leafs : 2 - Rangers : 3.
0:50 of 3rd period - Patrice Bergeron wins face-off versus Jordan Staal in neutral zone.
0:53 of 3rd period - Claude Giroux is hit by Milan Lucic.
0:54 of 3rd period - Icing by Claude Giroux.
0:55 of 3rd period - Patrice Bergeron wins face-off versus Jordan Staal in Maple Leafs zone.
1:10 of 3rd period - Wrist shot by Drew Stafford.
1:10 of 3rd period - Shot Misses the Net.
1:12 of 3rd period - Slapshot by Patrice Bergeron.
1:12 of 3rd period - Stopped by Marc-André Fleury with a rebound.
1:26 of 3rd period - Slapshot by Fabian Brunnstrom.
1:26 of 3rd period - Shot Misses the Net.
1:28 of 3rd period - Snap shot by Rob Schremp.
1:28 of 3rd period - Shot Misses the Net.
1:30 of 3rd period - Snap shot by Michael Grabner.
1:30 of 3rd period - Stopped by Hannu Toivonen without a rebound.
1:31 of 3rd period - Rob Schremp wins face-off versus Patrice Bergeron in Rangers zone.
2:20 of 3rd period - Wrist shot by Claude Giroux.
2:20 of 3rd period - Stopped by Hannu Toivonen with a rebound.
2:22 of 3rd period - Snap shot by Jordan Staal.
2:22 of 3rd period - Stopped by Hannu Toivonen without a rebound.
2:23 of 3rd period - Patrice Bergeron wins face-off versus Jordan Staal in Rangers zone.
2:32 of 3rd period - Wrist shot by Claude Giroux.
2:32 of 3rd period - Stopped by Hannu Toivonen with a rebound.
2:34 of 3rd period - Wrist shot by Alexander Frolov.
2:34 of 3rd period - Stopped by Hannu Toivonen with a rebound.
2:38 of 3rd period - Snap shot by Jordan Staal.
2:38 of 3rd period - Shot Blocked by Milan Lucic.
3:10 of 3rd period - Patrice Bergeron is hit by Jordan Staal.
3:16 of 3rd period - Wrist shot by Milan Lucic.
3:16 of 3rd period - Deflect By Drew Stafford.
3:16 of 3rd period - Shot Blocked by Justin Schultz.
3:16 of 3rd period - Puck is out of play.
3:17 of 3rd period - Stephen Weiss wins face-off versus Rob Schremp in Maple Leafs zone.
3:20 of 3rd period - Wrist shot by Jakob Silfverberg.
3:20 of 3rd period - Shot Blocked by Michael Grabner.
3:22 of 3rd period - Slapshot by Stephen Weiss.
3:22 of 3rd period - Shot Misses the Net.
3:24 of 3rd period - Slapshot by Jakob Silfverberg.
3:24 of 3rd period - Shot Misses the Net.
3:26 of 3rd period - Slapshot by Mark Fistric.
3:26 of 3rd period - Stopped by Marc-André Fleury without a rebound.
3:27 of 3rd period - Stephen Weiss wins face-off versus Rob Schremp in Maple Leafs zone.
3:28 of 3rd period - Snap shot by Jakob Silfverberg.
3:28 of 3rd period - Shot Hit the Post.
3:30 of 3rd period - Snap shot by Mark Fistric.
3:30 of 3rd period - Goal by Mark Fistric - Maple Leafs : 2 - Rangers : 4.
3:31 of 3rd period - Jordan Staal wins face-off versus Patrice Bergeron in neutral zone.
3:31 of 3rd period - Jordan Staal is hit by Cam Barker.
3:34 of 3rd period - Minor Penalty to Alexander Frolov for Roughing.
3:35 of 3rd period - Patrice Bergeron wins face-off versus Jordan Staal in Maple Leafs zone.
4:11 of 3rd period - Slapshot by Rob Schremp.
4:11 of 3rd period - Stopped by Hannu Toivonen without a rebound.
4:12 of 3rd period - Jordan Staal wins face-off versus Patrice Bergeron in Rangers zone.
4:39 of 3rd period - Mike Cammalleri is hit by Blake Comeau and loses puck.
4:48 of 3rd period - Marc-Édouard Vlasic is hit by Matt Greene and loses puck.
5:05 of 3rd period - Jordan Staal is hit by Stephen Weiss and loses puck.
5:34 of 3rd period - Penalty to Alexander Frolov is over, Alexander Frolov is back on ice.
5:38 of 3rd period - Mark Fistric is hit by Alexander Frolov and loses puck.
6:05 of 3rd period - Matt Read is hit by Tobias Enstrom and loses puck.
6:53 of 3rd period - Blake Comeau is hit by Drew Stafford and loses puck.
7:10 of 3rd period - Slapshot by Jamie McBain.
7:10 of 3rd period - Deflect By Matt Read.
7:10 of 3rd period - Stopped by Hannu Toivonen with a rebound.
7:34 of 3rd period - Staffan Kronwall is hit by Taylor Chorney and loses puck.
7:48 of 3rd period - Icing by Mark Fistric.
7:49 of 3rd period - Jordan Staal wins face-off versus Stephen Weiss in Rangers zone.
7:52 of 3rd period - Slapshot by Colby Armstrong.
7:52 of 3rd period - Stopped by Hannu Toivonen without a rebound.
7:53 of 3rd period - Patrice Bergeron wins face-off versus Colby Armstrong in Rangers zone.
8:00 of 3rd period - Snap shot by Eric Nystrom.
8:00 of 3rd period - Stopped by Hannu Toivonen without a rebound.
8:01 of 3rd period - Claude Giroux wins face-off versus Drew Stafford in Rangers zone.
8:12 of 3rd period - Snap shot by Patrice Bergeron.
8:12 of 3rd period - Stopped by Marc-André Fleury with a rebound.
9:03 of 3rd period - Slapshot by Milan Lucic.
9:03 of 3rd period - Stopped by Marc-André Fleury with a rebound.
9:05 of 3rd period - Slapshot by Cam Barker.
9:05 of 3rd period - Deflect By Milan Lucic.
9:05 of 3rd period - Shot Misses the Net.
9:05 of 3rd period - Puck is out of play.
9:06 of 3rd period - Rob Schremp wins face-off versus Stephen Weiss in Maple Leafs zone.
10:00 of 3rd period - Taylor Chorney is hit by Valtteri Filppula.
10:12 of 3rd period - Minor Penalty to Chris Bourque for Elbowing.
10:13 of 3rd period - Jordan Staal wins face-off versus Valtteri Filppula in Rangers zone.
10:20 of 3rd period - Snap shot by Alexander Frolov.
10:20 of 3rd period - Shot Misses the Net.
10:26 of 3rd period - Braydon Coburn is hit by Nick Foligno and loses puck.
10:39 of 3rd period - Mark Fistric is hit by Colby Armstrong and loses puck.
11:44 of 3rd period - Tobias Enstrom is hit by Cam Barker and loses puck.
11:59 of 3rd period - Valtteri Filppula is hit by Colby Armstrong and loses puck.
12:12 of 3rd period - Penalty to Chris Bourque is over, Chris Bourque is back on ice.
12:28 of 3rd period - Wrist shot by Chris Bourque.
12:28 of 3rd period - Goal by Chris Bourque - Maple Leafs : 2 - Rangers : 5.
12:29 of 3rd period - Claude Giroux wins face-off versus Patrice Bergeron in neutral zone.
13:00 of 3rd period - Slapshot by Taylor Chorney.
13:00 of 3rd period - Stopped by Hannu Toivonen with a rebound.
14:37 of 3rd period - Wrist shot by Michael Grabner.
14:37 of 3rd period - Shot Misses the Net.
14:39 of 3rd period - Slapshot by Justin Schultz.
14:39 of 3rd period - Stopped by Hannu Toivonen with a rebound.
14:43 of 3rd period - Wrist shot by Rob Schremp.
14:43 of 3rd period - Stopped by Hannu Toivonen with a rebound.
14:59 of 3rd period - Wrist shot by Justin Abdelkader.
14:59 of 3rd period - Deflect By Blake Comeau.
14:59 of 3rd period - Shot Misses the Net.
14:59 of 3rd period - Puck is out of play.
15:00 of 3rd period - Patrice Bergeron wins face-off versus Ryan Carter in Rangers zone.
15:11 of 3rd period - Snap shot by Milan Lucic.
15:11 of 3rd period - Shot Misses the Net.
15:13 of 3rd period - Wrist shot by Patrice Bergeron.
15:13 of 3rd period - Stopped by Marc-André Fleury with a rebound.
15:15 of 3rd period - Snap shot by Drew Stafford.
15:15 of 3rd period - Shot Blocked by Taylor Chorney.
15:32 of 3rd period - Alexander Frolov is hit by Artem Anisimov and loses puck.
15:47 of 3rd period - Wrist shot by Chris Bourque.
15:47 of 3rd period - Stopped by Marc-André Fleury with a rebound.
15:49 of 3rd period - Slapshot by Staffan Kronwall.
15:49 of 3rd period - Deflect By Jamie McBain.
15:49 of 3rd period - Stopped by Marc-André Fleury without a rebound.
15:50 of 3rd period - Rob Schremp wins face-off versus Patrice Bergeron in Maple Leafs zone.
15:52 of 3rd period - Icing by Fabian Brunnstrom.
15:53 of 3rd period - Patrice Bergeron wins face-off versus Rob Schremp in Maple Leafs zone.
16:10 of 3rd period - Wrist shot by Fabian Brunnstrom.
16:10 of 3rd period - Shot Blocked by Cam Barker.
16:12 of 3rd period - Snap shot by Michael Grabner.
16:12 of 3rd period - Shot Blocked by Cam Barker.
16:14 of 3rd period - Wrist shot by Fabian Brunnstrom.
16:14 of 3rd period - Shot Misses the Net.
16:16 of 3rd period - Slapshot by Tobias Enstrom.
16:16 of 3rd period - Deflect By Ryan Suter.
16:16 of 3rd period - Stopped by Hannu Toivonen without a rebound.
16:17 of 3rd period - Jakob Silfverberg wins face-off versus Jordan Staal in Rangers zone.
16:40 of 3rd period - Artem Anisimov is hit by Claude Giroux and loses puck.
16:47 of 3rd period - Slapshot by Jordan Staal.
16:47 of 3rd period - Stopped by Hannu Toivonen without a rebound.
16:48 of 3rd period - Patrice Bergeron wins face-off versus Rob Schremp in Rangers zone.
16:55 of 3rd period - Slapshot by Milan Lucic.
16:55 of 3rd period - Shot Blocked by Michael Grabner.
17:05 of 3rd period - Rob Schremp is hit by Drew Stafford and loses puck.
17:34 of 3rd period - Snap shot by Fabian Brunnstrom.
17:34 of 3rd period - Stopped by Hannu Toivonen without a rebound.
17:35 of 3rd period - Patrice Bergeron wins face-off versus Jordan Staal in Rangers zone.
17:46 of 3rd period - Slapshot by Jordan Staal.
17:46 of 3rd period - Stopped by Hannu Toivonen without a rebound.
17:47 of 3rd period - Patrice Bergeron wins face-off versus Jordan Staal in Rangers zone.
17:49 of 3rd period - Minor Penalty to Milan Lucic for Holding.
17:50 of 3rd period - Valtteri Filppula wins face-off versus Jordan Staal in Rangers zone.
17:58 of 3rd period - Slapshot by Nick Foligno.
17:58 of 3rd period - Shot Misses the Net.
18:00 of 3rd period - Slapshot by Matt Greene.
18:00 of 3rd period - Stopped by Marc-André Fleury with a rebound.
19:18 of 3rd period - Colby Armstrong is hit by Matt Greene and loses puck.
19:49 of 3rd period - Penalty to Milan Lucic is over, Milan Lucic is back on ice.
Goals for this period are 0 for Maple Leafs vs 3 for Rangers.
Shots for this period are 17 for Maple Leafs vs 11 for Rangers.
Back to the Top